 Dungeon Crawl Stone Soup version 0.27-a0-1555-g0e7b3fb1d2 (webtiles) character file.

Game seed: 16133698585227968717

3553 SkiChan the Cleaver (level 9, -3/126 HPs)
             Began as a Minotaur Berserker on July 14, 2021.
             Was an Elder of Trog.
             Slain by a six-headed hydra (9 damage)
             ... on level 8 of the Dungeon.
             The game lasted 00:09:18 (7512 turns).

SkiChan the Cleaver (Minotaur Berserker)            Turns: 7512, Time: 00:09:19

Health: -3/126     AC: 17    Str: 25    XL:     9   Next: 83%
Magic:  8/8        EV:  7    Int:  4    God:    Trog [****..]
Gold:   101        SH:  7    Dex: 10    Spells: 8/8 levels left

rFire    . . .     SeeInvis .   u - +0 morningstar
rCold    . . .     Faith    .   N - +0 kite shield
rNeg     . . .     Spirit   .   p - +0 chain mail
rPois    +         Reflect  .   r - +2 hat
rElec    .         Harm     .   E - +0 cloak {rPois}
rCorr    .         Rampage  .   (no gloves)
Will     ++...                  (no boots)
Stlth    ..........             (no amulet)
HPRegen  1.31/turn              k - +4 ring of protection
MPRegen  0.11/turn              o - ring of poison resistance

@: berserking, strong-willed, regenerating, very quick
A: horns 2, retaliatory headbutt
a: Renounce Religion, Berserk, Trog's Hand, Brothers in Arms


You were on level 8 of the Dungeon.
You worshipped Trog.
Trog was greatly pleased with you.
You visited 1 branch of the dungeon, and saw 8 of its levels.

You collected 330 gold pieces.
You spent 229 gold pieces at shops.

Inventory:

Hand Weapons
 a - a +0 hand axe
 m - a +2 mace of protection
 q - a +0 flail
 u - a +0 morningstar (weapon)
 z - a +1 whip of freezing
 F - a +0 war axe
 I - a +0 shortbow
 O - the +4 long sword "Guram" {vorpal, rPois rC++ Str-2 Int+9}
   (You bought it in a shop on level 7 of the Dungeon)

   It inflicts extra damage upon your enemies.
   Str:       It affects your strength (-2).
   Int:       It affects your intelligence (+9).
   rC:        It greatly protects you from cold.
   rPois:     It protects you from poison.
Missiles
 w - 36 poisoned darts (quivered)
 x - 2 throwing nets
 y - 86 bolts
 J - 92 arrows
Armour
 p - a +0 chain mail (worn)
 r - a +2 hat (worn)
 E - a +0 cloak of poison resistance (worn)
 N - a +0 kite shield (worn)
Jewellery
 k - a +4 ring of protection (left hand)
 o - a ring of poison resistance (right hand)
 A - a ring of magical power
 D - a ring of ice
 G - a ring of fire
Wands
 M - a wand of paralysis (10)
 P - a wand of acid (14)
 Q - a wand of mindburst (12)
 R - a wand of flame (15)
Scrolls
 d - a scroll of vulnerability {unknown}
 e - 4 scrolls of enchant weapon {unknown}
 f - a scroll of summoning {unknown}
 g - 2 scrolls of teleportation {unknown}
 j - a scroll of acquirement {unknown}
 l - 4 scrolls of identify {unknown}
 v - a scroll of silence {unknown}
 C - a scroll of magic mapping {unknown}
 H - a scroll of enchant armour {unknown}
 K - a scroll of immolation {unknown}
 L - a scroll of fear {unknown}
Potions
 b - a potion of degeneration {unknown}
 c - 6 potions of curing {unknown}
 h - a potion of attraction {unknown}
 i - 3 potions of flight {unknown}
 n - 3 potions of might {unknown}
 s - 3 potions of mutation {unknown}
 t - a potion of magic {unknown}
 B - 2 potions of heal wounds {unknown}


   Skills:
 * Level 9.5 Fighting
 * Level 2.1 Long Blades
 * Level 9.5(10.2) Axes
 + Level 6.0(8.6) Maces & Flails
 + Level 2.2 Bows
 + Level 6.5 Armour
 + Level 6.1 Dodging


You had 8 spell levels left.
You didn't know any spells.
Your spell library was empty.

Dungeon Overview and Level Annotations

Branches:
Dungeon (8/15)             Temple (0/1) D:4
   Lair: D:8-11

Altars:
Dithmenos
Elyvilon
Fedhas
Kikubaaqudgha
Okawaru
Qazlal
Ru

Shops:
D:2 (   D:7 ?:=(


Innate Abilities, Weirdness & Mutations

You have a pair of horns on your head.
You reflexively headbutt those who attack you in melee.


Message History

You headbutt the six-headed hydra.
The six-headed hydra is lightly wounded.
The six-headed hydra bites you.
You block the six-headed hydra's attack.
The six-headed hydra bites you but does no damage.
The six-headed hydra bites you. x3
The six-headed hydra bites you but does no damage.
The six-headed hydra bites you! The six-headed hydra bites you.
The six-headed hydra barely misses you.
The six-headed hydra bites you but does no damage.
The six-headed hydra completely misses you.
u - a +0 morningstar (weapon)
You are too injured to fight recklessly!
You are too injured to fight recklessly!
You are too injured to fight recklessly!
You are too injured to fight recklessly!
Your skin crawls.
You feel strong-willed. The six-headed hydra bites you.
The six-headed hydra bites you! x2
* * * LOW HITPOINT WARNING * * *
The six-headed hydra bites you!
* * * LOW HITPOINT WARNING * * *
The six-headed hydra bites you but does no damage. x2
A red film seems to cover your vision as you go berserk!
You feel yourself moving faster!
You feel mighty! The six-headed hydra barely misses you.
The six-headed hydra bites you but does no damage.
You block the six-headed hydra's attack.
The six-headed hydra bites you but does no damage. x2
The six-headed hydra barely misses you.
You hit the six-headed hydra.
Your headbutt misses the six-headed hydra.
The six-headed hydra is lightly wounded.
The six-headed hydra bites you.
* * * LOW HITPOINT WARNING * * *
The six-headed hydra bites you!
* * * LOW HITPOINT WARNING * * *
The six-headed hydra bites you but does no damage. x2
The six-headed hydra bites you!
You die...

.######.###............
#.# #.....####### # #.#
#.....# ### #. #.#
#.....#####.. ###.###.#
#.....#...... #.......#
###.#........ #.......#
#....#....... #...)...#
#....#..###.. #.?...@.#
#....##.###.. #.....D)#
###.......'..
#......... ######.##..
#..........# #..###
###'###....# ##.## #.
.#### #..# #. .# ##.#
.# #.## #..#


You could see a six-headed hydra.

Vanquished Creatures
  Pikel (D:4)
  A troll (D:5)
  Prince Ribbit (D:5)
  Eustachio (D:5)
  3 steam dragons
  A water moccasin (D:7)
  2 sky beasts
  A hornet zombie (D:7)
  A necrophage (D:5)
  2 ogres
  4 centaurs
  2 lemures (D:4)
  A phantom (D:4)
  A kobold brigand (D:8)
  3 bullfrogs
  A gnoll sergeant (D:7)
  3 scorpions
  2 wyvern skeletons (D:7)
  A water moccasin skeleton (D:6)
  A howler monkey (D:8)
  A centaur zombie (D:7)
  A bullfrog zombie (D:5)
  A centaur skeleton (D:5)
  Crazy Yiuf (D:4)
  3 iguanas
  Natasha (thrice) (D:2)
  3 orc wizards
  Robin (D:4)
  4 adders
  7 gnolls
  2 white imps
  2 ufetubi
  An adder skeleton (D:4)
  A worm (D:2)
  A dart slug (D:4)
  5 orcs
  3 ball pythons
  7 endoplasms
  3 giant cockroaches (D:1)
  15 goblins
  13 hobgoblins
  7 jackals
  7 kobolds
  4 quokkas
  4 bats
  A frilled lizard (D:2)
  4 rats
138 creatures vanquished.

Notes
Turn   | Place    | Note
-------+----------+-------------------------------------------
     0 | D:1      | SkiChan the Minotaur Berserker began the quest for the Orb.
     0 | D:1      | Reached XP level 1. HP: 19/19 MP: 0/0
     8 | D:1      | Found a faded altar of an unknown god.
   272 | D:1      | Reached XP level 2. HP: 22/27 MP: 1/1
   704 | D:1      | Reached ** piety under Trog
   971 | D:2      | Reached XP level 3. HP: 28/33 MP: 2/2
  1101 | D:2      | Reached skill level 1 in Maces & Flails
  1136 | D:2      | Found Sapiacwu's Antique Weapon Shoppe.
  1280 | D:2      | Noticed Natasha
  1285 | D:2      | Killed Natasha
  1286 | D:2      | Reached XP level 4. HP: 29/41 MP: 3/3
  1527 | D:2      | Noticed Natasha
  1536 | D:2      | Killed Natasha
  1750 | D:2      | Noticed Natasha
  1758 | D:2      | Killed Natasha
  1759 | D:2      | Reached XP level 5. HP: 36/47 MP: 4/4
  1995 | D:3      | Found a stormy altar of Qazlal.
  2561 | D:4      | Noticed a phantom
  2574 | D:4      | Killed a phantom
  2575 | D:4      | Reached skill level 5 in Fighting
  2575 | D:4      | Reached skill level 5 in Axes
  2726 | D:4      | Found a blossoming altar of Fedhas.
  2737 | D:4      | Reached *** piety under Trog
  2818 | D:4      | Reached XP level 6. HP: 40/56 MP: 5/5
  3404 | D:4      | Noticed Pikel
  3411 | D:4      | Killed Pikel
  3412 | D:4      | Reached XP level 7. HP: 58/64 MP: 6/6
  3449 | D:4      | Found a staircase to the Ecumenical Temple.
  3527 | D:4      | Noticed Robin
  3539 | D:4      | Killed Robin
  3851 | D:4      | Found a runed translucent door.
  3852 | D:4      | Noticed Crazy Yiuf
  4081 | D:4      | Killed Crazy Yiuf
  4141 | D:5      | Entered Level 5 of the Dungeon
  4187 | D:5      | Noticed a steam dragon
  4187 | D:5      | Noticed a troll
  4201 | D:5      | Killed a troll
  4202 | D:5      | Reached XP level 8. HP: 19/73 MP: 7/7
  4210 | D:5      | Reached skill level 5 in Armour
  4546 | D:5      | Noticed Eustachio
  4584 | D:5      | Reached skill level 5 in Dodging
  4598 | D:5      | Killed Eustachio
  5089 | D:5      | Noticed Prince Ribbit
  5115 | D:5      | Killed Prince Ribbit
  5495 | D:6      | Reached skill level 5 in Maces & Flails
  5525 | D:6      | Reached XP level 9. HP: 79/82 MP: 8/8
  5944 | D:6      | Reached skill level 1 in Bows
  6233 | D:7      | Found an ancient bone altar of Kikubaaqudgha.
  6282 | D:7      | Found an iron altar of Okawaru.
  6303 | D:7      | Found a shadowy altar of Dithmenos.
  6355 | D:7      | Reached **** piety under Trog
  6364 | D:7      | Found a white marble altar of Elyvilon.
  6414 | D:7      | Found Izawo's Magic Scroll Shop.
  6418 | D:7      | Found Vegulut's Jewellery Shop.
  6418 | D:7      | Found Uroesuol's Book Shop.
  6419 | D:7      | Found Amariw's Antique Weapon Shop.
  6570 | D:7      | Bought a dazzling long sword for 229 gold pieces
  6570 | D:7      | Identified the +4 long sword "Guram" {vorpal, rPois rC++
                  | Str-2 Int+9} (You bought it in a shop on level 7 of the
                  | Dungeon)
  7109 | D:8      | Reached skill level 1 in Long Blades
  7387 | D:8      | Found a sacrificial altar of Ru.
  7503 | D:8      | Noticed a five-headed hydra
  7512 | D:8      | HP: 6/126 [six-headed hydra (8)]
  7512 | D:8      | Slain by a six-headed hydra

Illustrated notes

Levels and vault maps discovered:
D:1:      giann_bridges, layout_basic, hellmonk_ecumenical_altar_lost_god,
          chequers_serial_rivers_small_3
D:2:      layout_basic, serial_shops, nicolae_shop_behind_doors, corexii_shack,
          kennysheep_doodads, uniq_natasha
D:3:      layout_basic, grunt_qazlal_clouds, kennysheep_boxes
D:4:      layout_cave_pods, mainiacjoe_overflow_24_doors,
          minmay_temple_entry_trees, uniq_robin, uniq_pikel,
          uniq_crazy_yiuf_cottage
D:5:      kennysheep_big_flooded_room, layout_basic, uniq_prince_ribbit1,
          uniq_eustachio
D:6:      layout_cave_pools
D:7:      layout_loops_ring, mainiacjoe_overflow_catwalk, kennysheep_mini_moat,
          kennysheep_little_box, old_standard_altar, minmay_shop_grid_forest,
          minmay_holes, minivault_19, minmay_misc_feat_ornament
D:8:      layout_basic, nicolae_ru_path_of_blood, grunt_temple_overflow_open,
          mainiacjoe_overflow_paths, serial_shops, shop,
          chequers_serial_rivers_micro_a, lemuel_old_faithful

Skill      XL: |  1  2  3  4  5  6  7  8  9 |
---------------+----------------------------+-----
Fighting       | 4 5 6 7 8 9 |  9.5
Axes           | 4 5 6 7 8 9 |  9.5
Maces & Flails | 1 2 3 5 6 |  6.0
Armour         | 3 4 5 6 |  6.5
Dodging        | 3 4 5 6 |  6.1
Bows           | 2 |  2.2
Long Blades    | 2 |  2.1

Action                   |  1- 3 |  4- 6 |  7- 9 || total
-------------------------+-------+-------+-------++-------
Melee: Hand axe          |    50 |       |    13 ||    63
       Headbutt          |    10 |    16 |    48 ||    74
       Mace              |    12 |    58 |       ||    70
       Morningstar       |       |    39 |   153 ||   192
       Long sword        |       |       |    54 ||    54
Throw: Dart              |       |       |     3 ||     3
Invok: Berserk           |       |       |     3 ||     3
       Trog's Hand       |       |       |     2 ||     2
Armor: Animal skin       |    14 |       |       ||    14
       Leather armour    |     4 |    12 |       ||    16
       Chain mail        |       |    54 |   267 ||   321
Dodge: Dodged            |    32 |    51 |   196 ||   279
Block: Kite shield       |       |       |    43 ||    43
       Rpst.: Long sword |       |       |     5 ||     5

Table legend: (Time is in decaauts)
 A = Elapsed time spent in this place.
 B = Non-inter-level travel time spent in this place.
 C = Inter-level travel time spent in this place.
 D = Time resting spent in this place.
 E = Time spent auto-exploring this place.
 F = Levels seen in this place.
 G = Mean time per level.
                   A        B        C        D        E       F      G
               +--------+--------+--------+--------+--------+-----+--------+
         Total |   7626 |   7395 |    231 |    862 |   5517 |   8 |  953.2 |
       Dungeon |   7626 |   7395 |    231 |    862 |   5517 |   8 |  953.2 |
               +--------+--------+--------+--------+--------+-----+--------+

Top non-repeatable levels by time:
     D:4: 1600 daAuts
     D:5: 1371 daAuts
     D:2: 1009 daAuts
     D:7: 1008 daAuts
     D:1: 956 daAuts
     D:6: 626 daAuts
     D:3: 619 daAuts
     D:8: 435 daAuts
